A
MOOSE JAW MOOSE @ FORT MYERS CAPITALS
04/23/2060
 
TOP OF THE 1ST
Moose Jaw Moose batting - Pitching for Fort Myers Capitals : LHP Zackary Cape
Pitching: LHP Zackary Cape
Batting: SHB Cadarian Morris 0-0: Ball
1-0: Called Strike
1-1: Swinging Strike
1-2: Strikes out swinging
Batting: RHB Zeffross Tomita 0-0: Ball
1-0: Ball
2-0: Swinging Strike
2-1: Foul Ball, location: 2F
2-2: Ground out 5-3 (Groundball, 56, EV 91.2 MPH)
Batting: RHB Parker Lanthorn 0-0: Ball
1-0: Foul Ball, location: 2F
1-1: Ball
2-1: Fly out, F7 (Flyball, 78M, EV 87.5 MPH)
Top of the 1st over - 0 runs, 0 hits, 0 errors, 0 left on base; Moose Jaw 0 - Fort Myers 0
BOTTOM OF THE 1ST
Fort Myers Capitals batting - Pitching for Moose Jaw Moose : LHP Joey Drummond
Pitching: LHP Joey Drummond
Batting: RHB Ashton Emanuele 0-0: Ball
1-0: Ball
2-0: Called Strike
2-1: Foul Ball, location: 2F
2-2: Foul Ball, location: 2F
2-2: Ball
3-2: Foul Ball, location: 2F
3-2: Base on Balls
Batting: RHB Jordy Marchetta 0-0: Ball
1-0: Ball
2-0: Ball
Ashton Emanuele is caught stealing 2nd base 2-4
3-0: Base on Balls
Batting: RHB Grant Grossman 0-0: Foul Ball, location: 2F
0-1: Ball
1-1: Foul Ball, location: 2F
1-2: Foul Ball, location: 2F
1-2: Foul Ball, location: 2F
1-2: Ball
Jordy Marchetta is caught stealing 2nd base 2-4
2-2: Ball
3-2: Fly out, F9 (Flyball, 9S, EV 85.0 MPH)
Bottom of the 1st over - 0 runs, 0 hits, 0 errors, 0 left on base; Moose Jaw 0 - Fort Myers 0
TOP OF THE 2ND
Moose Jaw Moose batting - Pitching for Fort Myers Capitals : LHP Zackary Cape
Batting: RHB Louis Leighton 0-0: Called Strike
0-1: Foul Ball, location: 2F
0-2: Foul Ball, location: 2F
0-2: SINGLE (Groundball, 56D, EV 101.9 MPH)
Batting: RHB Isaac Stewart 0-0: Ball
Louis Leighton is caught stealing 2nd base 2-4
1-0: Ball
2-0: Foul Ball, location: 2F
2-1: Foul Ball, location: 2F
2-2: Foul Ball, location: 2F
2-2: Strikes out looking
Batting: RHB Craig Bruce 0-0: Ball
1-0: Foul Ball, location: 2F
1-1: Foul Ball, location: 2F
1-2: Strikes out looking
Top of the 2nd over - 0 runs, 1 hit, 0 errors, 0 left on base; Moose Jaw 0 - Fort Myers 0
BOTTOM OF THE 2ND
Fort Myers Capitals batting - Pitching for Moose Jaw Moose : LHP Joey Drummond
Batting: RHB Camden O'Neill 0-0: Called Strike
0-1: Ball
1-1: Ball
2-1: Foul Ball, location: 2F
2-2: Ball
3-2: DOUBLE (Flyball, 8RXD, EV 105.6 MPH)
Batting: RHB Nelson Chandler 0-0: Ball
1-0: Swinging Strike
1-1: Foul Ball, location: 2F
1-2: Ball
2-2: Strikes out swinging
Batting: RHB Grant Essenmacher 0-0: Called Strike
Camden O'Neill is caught stealing 3rd base 2-5
0-1: Called Strike
0-2: Strikes out swinging
Bottom of the 2nd over - 0 runs, 1 hit, 0 errors, 0 left on base; Moose Jaw 0 - Fort Myers 0
TOP OF THE 3RD
Moose Jaw Moose batting - Pitching for Fort Myers Capitals : LHP Zackary Cape
Batting: RHB Owen Conrad 0-0: Called Strike
0-1: SOLO HOME RUN (Flyball, 9LD, EV 90.0 MPH), Distance : 334 ft
Batting: LHB Brendan LaMaster 0-0: Foul Ball, location: 2F
0-1: Swinging Strike
0-2: Foul Ball, location: 2F
0-2: Fly out, F9 (Flyball, 89D, EV 101.2 MPH)
Batting: LHB Billy Corey 0-0: Ball
1-0: Called Strike
1-1: SINGLE (Groundball, 5S, EV 75.0 MPH) (infield hit)
Batting: SHB Cadarian Morris 0-0: Called Strike
0-1: Called Strike
0-2: Ball
1-2: Ball
2-2: SINGLE (Flyball, 89S, EV 92.5 MPH)
Billy Corey to second
Runner from 2nd tries for 3rd, SAFE, throw by RF made to third
Batting: RHB Zeffross Tomita 0-0: Called Strike
0-1: Ball
1-1: Foul Ball, location: 2F
1-2: Ball
2-2: Fly out, F9 (Flyball, 9, EV 78.8 MPH)
Batting: RHB Parker Lanthorn 0-0: Called Strike
0-1: SINGLE (Line Drive, 8RS, EV 103.1 MPH)
Billy Corey scores
Cadarian Morris to second
Batting: RHB Louis Leighton 0-0: Called Strike
0-1: Called Strike
0-2: Foul Ball, location: 2F
0-2: Foul Ball, location: 2F
0-2: Ball
1-2: Foul Ball, location: 2F
1-2: Foul Ball, location: 2F
1-2: SINGLE (Groundball, 6MD, EV 106.9 MPH)
Cadarian Morris to third
Parker Lanthorn to second
Runner from 3rd tries for Home, SAFE, throw by CF to home
Pitching: RHP Donte' Alba
Batting: RHB Isaac Stewart 0-0: Ball
1-0: Called Strike
1-1: Ball
2-1: Ball
3-1: Swinging Strike
3-2: Base on Balls
Parker Lanthorn to third
Louis Leighton to second
Batting: RHB Craig Bruce 0-0: Called Strike
0-1: Ball
1-1: Ball
2-1: Ball
3-1: Called Strike
3-2: Base on Balls
Parker Lanthorn scores
Louis Leighton to third
Isaac Stewart to second
Batting: RHB Owen Conrad 0-0: Called Strike
0-1: Ball
1-1: DOUBLE (Line Drive, 78M, EV 95.6 MPH)
Louis Leighton scores
Isaac Stewart scores
Craig Bruce to third
Runner from 3rd tries for Home, SAFE, throw by CF to home
Batting: LHB Brendan LaMaster 0-0: Called Strike
0-1: Ball
1-1: Swinging Strike
1-2: Ball
2-2: Ball
3-2: Fly out, F5 (Popup, 56, EV 73.8 MPH)
Top of the 3rd over - 7 runs, 6 hits, 0 errors, 1 left on base; Moose Jaw 7 - Fort Myers 0
BOTTOM OF THE 3RD
Fort Myers Capitals batting - Pitching for Moose Jaw Moose : LHP Joey Drummond
Batting: RHB Robby Boehm 0-0: Called Strike
0-1: Ball
1-1: SINGLE (Groundball, 6M, EV 93.1 MPH) (infield hit)
Batting: LHB Kaleb Thompson 0-0: Ball
1-0: Ball
2-0: Swinging Strike
2-1: Ball
3-1: Base on Balls
Robby Boehm to second
Batting: RHB Phil Klein 0-0: Ball
1-0: Ball
2-0: Foul Ball, location: 2F
2-1: Grounds into double play, 5-4-3 (Groundball, 56S, EV 80.0 MPH)
Robby Boehm to third
Batting: RHB Ashton Emanuele 0-0: Called Strike
0-1: Swinging Strike
0-2: Ball
1-2: Ball
2-2: Strikes out swinging
Bottom of the 3rd over - 0 runs, 1 hit, 0 errors, 1 left on base; Moose Jaw 7 - Fort Myers 0
TOP OF THE 4TH
Moose Jaw Moose batting - Pitching for Fort Myers Capitals : RHP Donte' Alba
Batting: LHB Billy Corey 0-0: Called Strike
0-1: Fly out, F4 (Popup, 34, EV 55.6 MPH)
Batting: SHB Cadarian Morris 0-0: Called Strike
0-1: Ball
1-1: SOLO HOME RUN (Line Drive, 9D, EV 102.5 MPH), Distance : 383 ft
Batting: RHB Zeffross Tomita 0-0: Swinging Strike
0-1: Foul Ball, location: 2F
0-2: Fly out, F9 (Flyball, 9S, EV 88.1 MPH)
Batting: RHB Parker Lanthorn 0-0: Ball
1-0: Ball
2-0: Ball
3-0: Called Strike
3-1: Foul Ball, location: 2F
3-2: SINGLE (Groundball, 6D, EV 102.5 MPH)
Batting: RHB Louis Leighton 0-0: Foul Ball, location: 2F
0-1: Foul Ball, location: 2F
0-2: Strikes out swinging
Top of the 4th over - 1 run, 2 hits, 0 errors, 1 left on base; Moose Jaw 8 - Fort Myers 0
BOTTOM OF THE 4TH
Fort Myers Capitals batting - Pitching for Moose Jaw Moose : LHP Joey Drummond
Batting: RHB Jordy Marchetta 0-0: Ball
1-0: Called Strike
1-1: Foul Ball, location: 2F
1-2: Strikes out swinging
Batting: RHB Grant Grossman 0-0: Ball
1-0: Ball
2-0: Ball
3-0: Base on Balls
Batting: RHB Camden O'Neill 0-0: Ball
1-0: Ball
2-0: Ball
3-0: Called Strike
3-1: Base on Balls
Grant Grossman to second
Batting: RHB Nelson Chandler 0-0: Ball
1-0: Ball
2-0: Called Strike
2-1: Ball
3-1: Fly out, F8 (Flyball, 8LM, EV 88.1 MPH)
Batting: RHB Grant Essenmacher 0-0: Ball
1-0: Foul Ball, location: 2F
1-1: Ball
2-1: Fly out, F9 (Flyball, 89M, EV 85.0 MPH)
Bottom of the 4th over - 0 runs, 0 hits, 0 errors, 2 left on base; Moose Jaw 8 - Fort Myers 0
TOP OF THE 5TH
Moose Jaw Moose batting - Pitching for Fort Myers Capitals : RHP Donte' Alba
Batting: RHB Isaac Stewart 0-0: Ball
1-0: SINGLE (Groundball, 56D, EV 106.9 MPH)
Batting: RHB Craig Bruce 0-0: Ball
1-0: Ball
2-0: Called Strike
2-1: Grounds into double play, 4-6-3 (Groundball, 34, EV 108.8 MPH)
Batting: RHB Owen Conrad 0-0: Fly out, F9 (Flyball, 89M, EV 88.1 MPH)
Top of the 5th over - 0 runs, 1 hit, 0 errors, 0 left on base; Moose Jaw 8 - Fort Myers 0
BOTTOM OF THE 5TH
Fort Myers Capitals batting - Pitching for Moose Jaw Moose : LHP Joey Drummond
Batting: RHB Robby Boehm 0-0: Hit by Pitch
Batting: LHB Kaleb Thompson 0-0: Ball
1-0: Ball
2-0: Swinging Strike
2-1: Called Strike
2-2: Strikes out swinging
Batting: RHB Phil Klein 0-0: Ball
1-0: Ball
2-0: Foul Ball, location: 2F
2-1: Foul Ball, location: 2F
2-2: Ground out 6-3 (Groundball, P, EV 89.4 MPH)
Robby Boehm to second
Batting: RHB Ashton Emanuele 0-0: Called Strike
0-1: Ball
1-1: Ball
2-1: Foul Ball, location: 2F
2-2: 2-RUN HOME RUN (Flyball, 7D, EV 96.9 MPH), Distance : 366 ft
Batting: RHB Jordy Marchetta 0-0: Ball
1-0: Foul Ball, location: 2F
1-1: Swinging Strike
1-2: Ball
2-2: SINGLE (Groundball, 5S, EV 69.4 MPH) (infield hit)
Pitching: RHP Spencer Gibson
Batting: RHB Grant Grossman 0-0: Called Strike
Jordy Marchetta steals 2nd base
0-1: Foul Ball, location: 2F
0-2: Strikes out swinging
Bottom of the 5th over - 2 runs, 2 hits, 0 errors, 1 left on base; Moose Jaw 8 - Fort Myers 2
TOP OF THE 6TH
Moose Jaw Moose batting - Pitching for Fort Myers Capitals : RHP Donte' Alba
Batting: LHB Brendan LaMaster 0-0: Called Strike
0-1: SINGLE (Flyball, 7LS, EV 89.4 MPH)
Batting: LHB Billy Corey 0-0: Ball
1-0: Fielders Choice at 2nd, 4-6 (Groundball, 4, EV 87.5 MPH)
Batting: SHB Cadarian Morris 0-0: Ball
1-0: Ball
2-0: Called Strike
2-1: Ball
3-1: Base on Balls
Billy Corey to second
Batting: RHB Zeffross Tomita 0-0: Called Strike
0-1: Ball
1-1: DOUBLE (Line Drive, 9LM, EV 98.1 MPH)
Billy Corey scores
Cadarian Morris to third
Runner from 3rd tries for Home, SAFE, no throw by RF
Pitching: RHP Edward Nock
Batting: RHB Parker Lanthorn 0-0: Ball
1-0: Called Strike
1-1: Swinging Strike
1-2: Ground out 4-3 (Groundball, 4, EV 88.1 MPH)
Zeffross Tomita to third
Batting: RHB Louis Leighton 0-0: Ball
1-0: Ball
2-0: Called Strike
2-1: Ball
3-1: Base on Balls
Batting: RHB Isaac Stewart 0-0: SINGLE (Groundball, 6D, EV 96.9 MPH)
Zeffross Tomita scores
Louis Leighton to second
Runner from 2nd tries for 3rd, SAFE, no throw by LF
Batting: RHB Craig Bruce 0-0: Ball
1-0: Ball
2-0: Swinging Strike
2-1: Foul Ball, location: 2F
2-2: DOUBLE (Flyball, 8RXD, EV 102.5 MPH)
Louis Leighton scores
Isaac Stewart to third
Runner from 3rd tries for Home, SAFE, throw by CF to home
Batting: RHB Owen Conrad 0-0: Called Strike
0-1: Fly out, F9 (Line Drive, 9LM, EV 90.6 MPH)
Top of the 6th over - 5 runs, 4 hits, 0 errors, 1 left on base; Moose Jaw 13 - Fort Myers 2
BOTTOM OF THE 6TH
Fort Myers Capitals batting - Pitching for Moose Jaw Moose : RHP Spencer Gibson
Batting: RHB Camden O'Neill 0-0: Ball
1-0: DOUBLE (Line Drive, 89XD, EV 108.1 MPH)
Batting: RHB Nelson Chandler 0-0: Called Strike
0-1: Foul Ball, location: 2F
0-2: Ball
1-2: Ball
Wild Pitch!
Camden O'Neill to third
2-2: Ball
3-2: Strikes out looking
Batting: RHB Grant Essenmacher 0-0: Swinging Strike
0-1: Called Strike
0-2: Ball
1-2: Foul Ball, location: 2F
1-2: Ball
2-2: Ground out 6-3 (Groundball, 6, EV 80.6 MPH)
Camden O'Neill scores
Batting: RHB Robby Boehm 0-0: Swinging Strike
0-1: Foul Ball, location: 2F
0-2: Ball
1-2: Strikes out swinging
Bottom of the 6th over - 1 run, 1 hit, 0 errors, 0 left on base; Moose Jaw 13 - Fort Myers 3
TOP OF THE 7TH
Moose Jaw Moose batting - Pitching for Fort Myers Capitals : RHP Edward Nock
Batting: LHB Brendan LaMaster 0-0: Ground out 6-3 (Groundball, 6M, EV 82.5 MPH)
Batting: LHB Billy Corey 0-0: Ball
1-0: Called Strike
1-1: SINGLE (Flyball, 78S, EV 90.6 MPH)
Batting: SHB Cadarian Morris 0-0: Fielders Choice at 2nd, 1-6 (Groundball, 34S, EV 75.0 MPH)
Batting: RHB Zeffross Tomita 0-0: Ball
1-0: SINGLE (Line Drive, 34D, EV 104.4 MPH)
Cadarian Morris to second
Batting: RHB Parker Lanthorn 0-0: Called Strike
0-1: Ball
1-1: Foul Ball, location: 2F
1-2: Fielders Choice at 2nd, 6-4 (Groundball, 6, EV 100.6 MPH)
Top of the 7th over - 0 runs, 2 hits, 0 errors, 2 left on base; Moose Jaw 13 - Fort Myers 3
BOTTOM OF THE 7TH
Fort Myers Capitals batting - Pitching for Moose Jaw Moose : RHP Spencer Gibson
Batting: LHB Kaleb Thompson 0-0: Called Strike
0-1: SINGLE (Line Drive, 7LS, EV 94.4 MPH)
Batting: RHB Phil Klein 0-0: Ball
1-0: Ball
Kaleb Thompson steals 2nd base (no throw)
2-0: Ball
3-0: Called Strike
3-1: Called Strike
3-2: Foul Ball, location: 2F
3-2: Base on Balls
Pinch Hitting: LHB Owen Kriz 0-0: Ball
1-0: Fly out, F5 (Popup, 5S, EV 78.8 MPH)
Pinch Hitting: SHB Braden Hunt 0-0: Ball
1-0: Ball
2-0: DOUBLE (Line Drive, 7LM, EV 110.6 MPH)
Kaleb Thompson scores
Phil Klein to third
Pinch Hitting: RHB Teigan Ramirez 0-0: SINGLE (Groundball, 6MD, EV 108.1 MPH)
Phil Klein scores
Braden Hunt to third
Runner from 3rd tries for Home, SAFE, throw by CF to home
Batting: RHB Camden O'Neill 0-0: Ball
1-0: Ball
2-0: Ball
3-0: Base on Balls
Teigan Ramirez to second
Batting: RHB Nelson Chandler 0-0: Called Strike
0-1: Ball
1-1: Called Strike
1-2: Strikes out looking
Pitching: LHP Dawson Dyer
Batting: RHB Grant Essenmacher 0-0: Called Strike
0-1: Swinging Strike
0-2: Ball
1-2: Ball
2-2: SINGLE (Groundball, 6MD, EV 108.8 MPH)
Teigan Ramirez to third
Camden O'Neill to second
Batting: RHB Robby Boehm 0-0: Called Strike
0-1: Ball
1-1: Fly out, F8 (Line Drive, 8RS, EV 98.8 MPH)
Bottom of the 7th over - 3 runs, 4 hits, 0 errors, 3 left on base; Moose Jaw 13 - Fort Myers 6
TOP OF THE 8TH
Moose Jaw Moose batting - Pitching for Fort Myers Capitals : RHP Edward Nock
Now at 2B: Kel Sathaye
Now in LF: Braden Hunt
Now in CF: Logan Donaldson
Batting: RHB Louis Leighton 0-0: Called Strike
0-1: Ball
1-1: Swinging Strike
1-2: Ball
2-2: Strikes out swinging, 2-3 out at first.
Batting: RHB Isaac Stewart 0-0: SINGLE (Flyball, 5D, EV 91.9 MPH)
Batting: RHB Craig Bruce 0-0: Called Strike
0-1: Ball
1-1: Foul Ball, location: 2F
1-2: Ball
2-2: Strikes out swinging
Batting: RHB Owen Conrad 0-0: Foul Ball, location: 2F
0-1: Called Strike
0-2: Ball
1-2: Foul Ball, location: 2F
1-2: Strikes out looking
Top of the 8th over - 0 runs, 1 hit, 0 errors, 1 left on base; Moose Jaw 13 - Fort Myers 6
BOTTOM OF THE 8TH
Fort Myers Capitals batting - Pitching for Moose Jaw Moose : LHP Dawson Dyer
Batting: LHB Kaleb Thompson 0-0: Ball
1-0: Ball
2-0: Ground out 6-3 (Groundball, 6M, EV 105.6 MPH)
Batting: RHB Phil Klein 0-0: Swinging Strike
0-1: Foul Ball, location: 2F
0-2: Ball
1-2: Ball
2-2: Strikes out swinging, 2-3 out at first.
Batting: RHB Kel Sathaye 0-0: Swinging Strike
0-1: Ball
1-1: Ball
2-1: Foul Ball, location: 2F
2-2: Strikes out swinging
Bottom of the 8th over - 0 runs, 0 hits, 0 errors, 0 left on base; Moose Jaw 13 - Fort Myers 6
TOP OF THE 9TH
Moose Jaw Moose batting - Pitching for Fort Myers Capitals : RHP Edward Nock
Pitching: RHP Zev Howell
Batting: LHB Brendan LaMaster 0-0: Ball
1-0: SINGLE (Groundball, 3D, EV 105.0 MPH)
Batting: LHB Billy Corey 0-0: Ball
1-0: Ball
2-0: Called Strike
2-1: Foul Ball, location: 2F
2-2: Strikes out swinging
Batting: SHB Cadarian Morris 0-0: Ball
1-0: Called Strike
1-1: Fielders Choice at 2nd, 3-6 (Groundball, 34, EV 106.9 MPH)
Batting: RHB Zeffross Tomita 0-0: SINGLE (Groundball, 25, EV 66.2 MPH) (infield hit)
Cadarian Morris to second
Batting: RHB Parker Lanthorn 0-0: Ball
1-0: Ball
2-0: Ball
3-0: Base on Balls
Cadarian Morris to third
Zeffross Tomita to second
Batting: RHB Louis Leighton 0-0: Called Strike
0-1: Foul Ball, location: 2F
0-2: Ball
1-2: SINGLE (Groundball, 56S, EV 68.8 MPH) (infield hit)
Cadarian Morris scores
Zeffross Tomita to third
Parker Lanthorn to second
Batting: RHB Isaac Stewart 0-0: Ball
1-0: Ball
2-0: Called Strike
2-1: GRAND SLAM HOME RUN (Flyball, 89XD, EV 105.0 MPH), Distance : 407 ft
Pitching: RHP Isaac Anderson
Batting: RHB Craig Bruce 0-0: Ball
1-0: Called Strike
1-1: Ball
2-1: Swinging Strike
2-2: Ground out 5-3 (Groundball, 56, EV 102.5 MPH)
Top of the 9th over - 5 runs, 4 hits, 0 errors, 0 left on base; Moose Jaw 18 - Fort Myers 6
BOTTOM OF THE 9TH
Fort Myers Capitals batting - Pitching for Moose Jaw Moose : LHP Dawson Dyer
Batting: SHB Braden Hunt 0-0: Called Strike
0-1: Ball
1-1: Ball
2-1: SOLO HOME RUN (Flyball, 7D, EV 96.9 MPH), Distance : 382 ft
Batting: RHB Logan Donaldson 0-0: Called Strike
0-1: Ball
1-1: Swinging Strike
1-2: Ground out 6-3 (Groundball, 6, EV 84.4 MPH)
Batting: RHB Camden O'Neill 0-0: Ball
1-0: SINGLE (Groundball, 34, EV 101.9 MPH)
Batting: RHB Nelson Chandler 0-0: Ball
1-0: Called Strike
1-1: Ball
2-1: Swinging Strike
2-2: Ball
3-2: Ground out 5-3 (Groundball, 56S, EV 85.6 MPH)
Camden O'Neill to second
Pitching: RHP C.J. Krow
Batting: RHB Grant Essenmacher 0-0: Ball
1-0: Swinging Strike
1-1: Called Strike
1-2: Ball
2-2: Ball
3-2: Foul Ball, location: 2F
3-2: Fly out, F8 (Flyball, 8RXD, EV 100.6 MPH)
Bottom of the 9th over - 1 run, 2 hits, 0 errors, 1 left on base; Moose Jaw 18 - Fort Myers 7
Monday, April 29th , 2024 - OOTP Baseball 23.10 Build 110